 Dungeon Crawl Stone Soup version 0.25-a0-404-gc1b5a34292 (webtiles) character file.

Game seed: 6386377460484764871, levelgen mode: deterministic

21100 sankara the Severer (level 12, -8/106 HPs)
             Began as a Minotaur Berserker on Jan 10, 2020.
             Was an Elder of Trog.
             Killed from afar by a wretched star (25 damage)
             ... with a lance of force
             ... on level 1 of the Abyss.
             The game lasted 00:49:47 (13200 turns).

sankara the Severer (Minotaur Berserker)           Turns: 13200, Time: 00:49:48

Health: -8/106     AC: 21    Str: 20    XL:     12   Next: 51%
Magic:  7/7        EV:  9    Int:  2    God:    Trog [****..]
Gold:   817        SH:  0    Dex:  7    Spells: 11/11 levels left

rFire    . . .     SeeInvis .   a - +1 war axe (elec)
rCold    . . .     Gourm    .   (no shield)
rNeg     + . .     Faith    .   f - +2 plate armour {rN+}
rPois    .         Spirit   .   (helmet restricted)
rElec    .         Reflect  .   h - scarf {repulsion}
rCorr    .         Harm     .   R - +0 pair of gloves
MR       +....                  n - +1 pair of boots {run}
Stlth    ..........             (no amulet)
HPRegen  0.00/turn              E - ring of protection from magic {MR+, !d}
MPRegen  0.10/turn              w - +2 ring of evasion

@: repel missiles, quick
A: retaliatory headbutt, horns 2, [blurry vision 3], [clumsy 2], [deterioration
2], [dopey 2], [low mp 3], [inhibited regeneration], [weak 2], [subdued magic 2]
a: Berserk, Trog's Hand, Brothers in Arms, Renounce Religion


You were on level 1 of the Abyss.
You worshipped Trog.
Trog was greatly pleased with you.
You were not hungry.

You visited 3 branches of the dungeon, and saw 15 of its levels.
You visited the Abyss 1 time.
You also visited: Volcano.

You collected 817 gold pieces.

Inventory:

Hand Weapons
 a - a +1 war axe of electrocution (weapon)
   (You took it off an orc warrior on level 9 of the Dungeon)
 b - a +2 shortbow of flaming
   (You found it on level 4 of the Dungeon)
 N - a +3 morningstar of holy wrath
   (You took it off a gargoyle in a volcano)
Missiles
 l - 20 poisoned darts (quivered)
 t - 14 boomerangs
 u - 4 throwing nets {=f, !d}
 B - 128 arrows
 Y - 5 javelins
Armour
 f - a +2 plate armour of positive energy (worn)
   (You found it on level 3 of the Lair of Beasts)
 h - a scarf of repulsion (worn)
   (You found it on level 3 of the Lair of Beasts)
 n - a +1 pair of boots of running (worn)
   (You found it in a volcano)
 p - a +1 scale mail of fire resistance
   (You found it in a volcano)
 y - a +3 chain mail of fire resistance
   (You found it in a volcano)
 z - a +0 pair of boots
   (You found it on level 5 of the Dungeon)
 F - a +0 plate armour
   (You took it off an orc warrior on level 6 of the Dungeon)
 R - a +0 pair of gloves (worn)
   (You found it on level 9 of the Dungeon)
Jewellery
 e - an uncursed ring of fire {rF+, rC-}
   (You found it on level 3 of the Lair of Beasts)
 w - a +2 ring of evasion (right hand)
   (You found it on level 4 of the Dungeon)
 E - a ring of protection from magic (left hand) {MR+, !d}
   (You found it on level 6 of the Dungeon)
 L - an uncursed ring of ice {rC+, rF-}
   (You found it on level 7 of the Dungeon)
Wands
 H - a wand of flame (47)
   (You found it on level 6 of the Dungeon)
 I - a wand of disintegration (14)
   (You found it on level 6 of the Dungeon)
 J - a wand of random effects (7)
   (You found it on level 2 of the Lair of Beasts)
 O - a wand of iceblast (10)
   (You found it on level 8 of the Dungeon)
 U - a wand of paralysis (7)
   (You found it on level 1 of the Abyss)
 X - a wand of digging (7)
   (You found it on level 2 of the Lair of Beasts)
Scrolls
 d - 2 scrolls of enchant armour
 i - 2 scrolls of fear {unknown}
 k - 7 scrolls of remove curse
 m - a scroll of fog {unknown}
 o - 3 scrolls of noise {unknown}
 r - 5 scrolls of teleportation
 A - a scroll of silence
 C - a scroll of magic mapping {!r}
 M - 2 scrolls of blinking {unknown}
 S - a scroll of immolation {unknown}
 W - a scroll of identify
Potions
 g - a potion of ambrosia
 j - a potion of might
 q - 3 potions of haste
 s - 6 potions of curing
 v - 4 potions of cancellation
 x - 2 potions of brilliance {unknown}
 D - a potion of berserk rage {!q}
 G - 2 potions of lignification {!q}
 K - 3 potions of flight
 Q - 3 potions of agility
 V - 2 potions of resistance
Miscellaneous
 T - a phial of floods
   (You found it on level 1 of the Lair of Beasts)
Comestibles
 c - 18 rations


   Skills:
 - Level 10.1 Fighting
 * Level 15.8 Axes
 + Level 10.6 Bows
 - Level 12.0 Armour
 - Level 2.1 Dodging


You had 11 spell levels left.
You didn't know any spells.
Your spell library was empty.

Dungeon Overview and Level Annotations

Branches:
Dungeon (9/15)             Temple (1/1) D:6            Lair (6/6) D:9
 Spider (0/4) Lair:2        Slime (0/5) Lair:5      Volcano (visited)
  Swamp: Lair:2-4    Shoals: Lair:2-4       Orc: D:9-12

Altars:
Ashenzari
Cheibriados
Dithmenos
Elyvilon
Fedhas
Gozag
Kikubaaqudgha
Makhleb
Nemelex Xobeh
Okawaru
Qazlal
Ru
Sif Muna
Trog
Uskayaw
Vehumet
Wu Jian
Xom
Yredelemnul
Zin
The Shining One

Annotations:
Lair:5 Urug


Innate Abilities, Weirdness & Mutations

You reflexively headbutt those who attack you in melee.
You have a pair of horns on your head.
[Scrolls take you much longer to read.]
[You are very clumsy. (Dex -4)]
[Your body often deteriorates upon taking damage.]
[You are very dopey. (Int -4)]
[Your magical capacity is extremely low. (-30% MP)]
[You do not regenerate when monsters are visible.]
[You are very weak. (Str -4)]
[Your spells are easier to cast, but less powerful.]


Message History

You are starving!
You eat one of the 19 rations.
That ration really hit the spot!
Press: ? - help, . - travel, g - get item You can't see that place. [Stash: a scroll of remove curse] [the floor.] Unknown command.
You feel the effects of Trog's Hand fading.
A tentacled starspawn comes into view.
Your skin stops crawling.
You feel less resistant to hostile enchantments.
Tentacles burst from the starspawn's body!
You yell at the starspawn tentacle! 2 starspawn tentacles come into view.
A wretched star comes into view.
You slash the starspawn tentacle!
The starspawn tentacle is heavily damaged.
You hit the starspawn tentacle but do no damage.
The starspawn tentacle grabs you. The starspawn tentacle constricts you.
The wretched star pulses with an eldritch light!
You feel clumsy. x2; Your connection to magic feels subdued.
Your connection to magic feels more subdued.
The starspawn tentacle loses its grip on you.
The tentacle pulls you backwards!
You barely miss the tentacled starspawn.
The tentacled starspawn is lightly damaged.
You slash the starspawn tentacle! x2
You destroy the starspawn tentacle!
The starspawn tentacle grabs you. The starspawn tentacle constricts you.
You barely miss the tentacled starspawn.
The starspawn tentacle loses its grip on you.
The tentacled starspawn is moderately damaged.
You barely miss the starspawn tentacle.
The wretched star pulses with an eldritch light!
Your body twists and deforms.
The starspawn tentacle grabs you. The starspawn tentacle constricts you.
You hit the tentacled starspawn.
Lightning courses through the tentacled starspawn!
The starspawn tentacle loses its grip on you.
Your headbutt misses the tentacled starspawn.
The tentacled starspawn is heavily damaged.
You hit the starspawn tentacle but do no damage.
Lightning courses through the starspawn tentacle!!
You destroy the starspawn tentacle!
The tentacled starspawn bites you!!
The tentacled starspawn engulfs you but does no damage.
You hit the tentacled starspawn.
The tentacled starspawn is severely damaged.
The wretched star pulses with an eldritch light!
Your connection to magic feels nearly dormant.
The tentacled starspawn closely misses you.
The tentacled starspawn engulfs you but does no damage.
You slash the tentacled starspawn!
Lightning courses through the tentacled starspawn!!
You destroy the tentacled starspawn!
Trog accepts your kill.
You feel your intelligence returning.
You feel the corruption within you wane somewhat.
Your body's shape seems more normal.
Your urge to yell lessens.
Your connection to magic feels less subdued.
Your vision sharpens a little.
Your urge to shout disappears.
You barely miss the wretched star. You hit the wretched star.
The wretched star is lightly damaged.
You slash the wretched star!
The wretched star is moderately damaged.
The wretched star pulses with an eldritch light!
You feel stupid. x2
You hit the wretched star. Your headbutt misses the wretched star.
The wretched star is moderately damaged.
The wretched star pulses with an eldritch light!
You feel weaker. x2; Your vision blurs. x2
You slash the wretched star! You headbutt the wretched star.
The wretched star is heavily damaged.
You hit the wretched star but do no damage.
The wretched star is heavily damaged.
You hit the wretched star but do no damage.
The wretched star is heavily damaged.
The wretched star pulses with an eldritch light!
You feel less energetic.
Your regeneration stops near monsters.
You barely miss the wretched star.
You headbutt the wretched star, but do no damage.
The wretched star is heavily damaged.
You hit the wretched star. Your headbutt misses the wretched star.
The wretched star is heavily damaged.
You barely miss the wretched star. You headbutt the wretched star.
The wretched star is heavily damaged.
The wretched star glows turbulently.
The lance of force hits you!!
* * * LOW HITPOINT WARNING * * *
You are knocked back by the lance of force.
Okay, then.
You hit the wretched star but do no damage.
The wretched star is heavily damaged.
You hit the wretched star but do no damage.
You headbutt the wretched star, but do no damage.
The wretched star is heavily damaged.
The wretched star glows turbulently.
The lance of force hits you!!
You die...

#.#..## .....#
# #.# ... ... .
#####.##..... .
.. #..........
.# . .
#........## ..
.#
#.........##..#
#........#. #..
#........# #
#..@.....# #
#..*.....+
#........#
#....###.#
###.## ## #.#
... ..# #..


You could see a wretched star.

Vanquished Creatures
  A tentacled starspawn (Abyss:1)
  The ghost of Omunach the Destroyer, a journeyman OpVM of Vehumet (Lair:3)
  A rakshasa (Abyss:1)
  A hydra (Lair:2)
  The ghost of Junuurch the Carver, a journeyman OpFi of Gozag (Lair:3)
  2 wretched stars (Abyss:1)
  Pikel (D:3)
  A lindwurm (Lair:2)
  A large abomination (Abyss:1)
  A molten gargoyle (Volcano)
  Joseph (D:8)
  2 black mambas
  3 gargoyles (Volcano)
  A komodo dragon (Lair:2)
  A spiny frog (Lair:2)
  2 ancient zymes (Abyss:1)
  3 polar bears (Lair:5)
  4 hippogriffs
  A fire elemental (Lair:2)
  A wyvern (D:9)
  20 yaks
  A basilisk (Lair:2)
  A steam dragon (Lair:5)
  2 small abominations (Abyss:1)
  A hungry ghost (D:7)
  3 wargs (D:9)
  A chaos spawn (Abyss:1)
  An insubstantial wisp (Abyss:1)
  3 water moccasins
  4 porcupines
  3 slaves (D:4)
  A sky beast (D:9)
  4 orc warriors
  2 black bears (D:7)
  3 ice beasts
  3 phantoms
  9 ogres
  2 centaurs
  5 crocodiles
  12 bullfrogs
  A gnoll sergeant (D:7)
  6 scorpions
  A howler monkey (D:8)
  6 crimson imps
  2 centaur zombies
  3 jellies
  A centaur skeleton (D:7)
  4 hounds
  13 orc wizards
  3 orc priests
  An iguana (D:9)
  10 worker ants
  A hound zombie (D:8)
  A hound skeleton (D:4)
  A howler monkey skeleton (D:8)
  12 gnolls
  15 adders
  An adder skeleton (D:4)
  2 worms
  A dart slug (D:1)
  5 leopard geckos
  28 orcs
  A ball python (D:1)
  8 bats
  A giant cockroach (D:7)
  6 goblins
  8 hobgoblins
  2 jackals (D:3)
  15 kobolds
  2 quokkas
  8 frilled lizards
  A jackal zombie (D:6)
  10 rats
  A plant (Lair:5)
  2 starspawn tentacles (Abyss:1)
294 creatures vanquished.

Vanquished Creatures (others)
  A fungus (Lair:5)
  6 plants (Lair:5)
7 creatures vanquished.

Grand Total: 301 creatures vanquished

Notes
Turn   | Place    | Note
-------+----------+-------------------------------------------
     0 | D:1      | sankara the Minotaur Berserker began the quest for the Orb.
     0 | D:1      | Reached XP level 1. HP: 19/19 MP: 0/0
    32 | D:1      | Reached skill level 4 in Axes
    85 | D:1      | Reached XP level 2. HP: 22/26 MP: 1/1
   768 | D:2      | Reached skill level 5 in Axes
   777 | D:2      | Reached XP level 3. HP: 27/31 MP: 2/2
   843 | D:2      | Reached ** piety under Trog
   917 | D:2      | Noticed a scorpion
   921 | D:2      | Killed a scorpion
   921 | D:2      | Reached skill level 6 in Axes
   921 | D:2      | Reached XP level 4. HP: 39/39 MP: 3/3
   980 | D:2      | Found a blossoming altar of Fedhas.
  1614 | D:3      | Reached skill level 7 in Axes
  1614 | D:3      | Reached XP level 5. HP: 45/45 MP: 4/4
  2159 | D:3      | Noticed an ice beast
  2168 | D:3      | Killed an ice beast
  2168 | D:3      | Reached skill level 8 in Axes
  2168 | D:3      | Reached XP level 6. HP: 51/51 MP: 5/5
  2830 | D:4      | Reached *** piety under Trog
  2831 | D:4      | Noticed a slave
  2833 | D:4      | Reached skill level 9 in Axes
  2839 | D:4      | Reached XP level 7. HP: 57/57 MP: 6/6
  3275 | D:4      | Reached skill level 10 in Axes
  3275 | D:4      | Reached skill level 3 in Armour
  3360 | D:4      | Noticed Pikel
  3378 | D:3      | HP: 13/57 [Pikel/+1 whip of flaming (10)]
  3384 | D:3      | HP: 9/57 [Pikel/+1 whip of flaming (7)]
  3432 | D:3      | HP: 7/57 [Pikel/+1 whip of flaming (7)]
  3437 | D:3      | HP: 3/85 [Pikel/+1 whip of flaming (2)]
  3440 | D:3      | Killed Pikel
  3440 | D:3      | Reached skill level 11 in Axes
  3440 | D:3      | Reached skill level 4 in Armour
  3440 | D:3      | Reached XP level 8. HP: 2/64 MP: 7/7
  3985 | D:4      | Reached skill level 5 in Armour
  4001 | D:4      | Found a white marble altar of Elyvilon.
  4052 | D:4      | Paralysed by fainting for 11 turns
  4067 | D:4      | HP: 24/96 [adder (2)]
  4863 | D:5      | Entered Level 5 of the Dungeon
  5115 | D:5      | Reached skill level 12 in Axes
  5302 | D:5      | Reached skill level 6 in Armour
  5746 | D:5      | Found a snail-covered altar of Cheibriados.
  5867 | D:6      | Found a staircase to the Ecumenical Temple.
  6007 | D:6      | Reached XP level 9. HP: 70/70 MP: 8/8
  6011 | D:6      | Reached **** piety under Trog
  6245 | D:6      | Reached skill level 7 in Armour
  6353 | D:6      | Reached skill level 13 in Axes
  7065 | D:7      | Reached skill level 8 in Armour
  7115 | Temple   | Entered the Ecumenical Temple
  7261 | D:7      | Reached skill level 14 in Axes
  7429 | D:7      | Reached skill level 4 in Fighting
  7653 | D:7      | Found a shimmering altar of Xom.
  7758 | D:8      | Reached skill level 5 in Fighting
  7758 | D:8      | Reached skill level 9 in Armour
  7896 | D:8      | Reached XP level 10. HP: 77/81 MP: 9/9
  7931 | D:8      | Noticed Joseph
  7948 | D:8      | Killed Joseph
  7952 | D:8      | Reached skill level 6 in Fighting
  8036 | D:8      | Reached ***** piety under Trog
  8036 | D:8      | Received a gift from Trog
  8295 | D:8      | Found a stormy altar of Qazlal.
  8429 | D:8      | Found a glowing golden altar of the Shining One.
  8719 | D:9      | Found a staircase to the Lair.
  8727 | D:9      | Reached skill level 10 in Armour
  8733 | D:9      | Reached skill level 7 in Fighting
  8817 | D:9      | Found a shattered altar of Ashenzari.
  8824 | D:9      | Found a burning altar of Makhleb.
  8950 | D:9      | Found a shimmering blue altar of Sif Muna.
  9508 | D:9      | Reached skill level 8 in Fighting
  9613 | Lair:1   | Entered Level 1 of the Lair of Beasts
  9797 | Lair:1   | Reached skill level 11 in Armour
  9904 | Lair:1   | Reached skill level 1 in Bows
 10410 | Lair:2   | Found a hole to the Spider Nest.
 10486 | Lair:2   | Reached skill level 2 in Bows
 10493 | Lair:2   | Reached skill level 9 in Fighting
 10493 | Lair:2   | Reached skill level 3 in Bows
 10539 | Lair:2   | Reached XP level 11. HP: 51/97 MP: 10/10
 10930 | Lair:2   | Noticed a seven-headed hydra
 10930 | Lair:2   | Noticed a lindwurm
 10936 | Lair:2   | Reached skill level 4 in Bows
 10937 | Lair:2   | Killed an 11-headed hydra
 10943 | Lair:2   | Killed a lindwurm
 10943 | Lair:2   | Reached skill level 5 in Bows
 11366 | Lair:3   | Reached skill level 6 in Bows
 11371 | Lair:3   | Reached skill level 12 in Armour
 11642 | Lair:3   | Found a hide-covered altar of Uskayaw.
 11669 | Lair:3   | Found a runed translucent gate.
 11669 | Lair:3   | Found a runed translucent gate.
 11669 | Lair:3   | Found a runed translucent gate.
 11675 | Lair:3   | Noticed Omunach's ghost (journeyman OpVM)
 11675 | Lair:3   | Noticed Junuurch's ghost (journeyman OpFi)
 11683 | Lair:3   | Killed Junuurch's ghost
 11683 | Lair:3   | Reached skill level 10 in Fighting
 11687 | Lair:3   | Killed Omunach's ghost
 11687 | Lair:3   | Reached skill level 7 in Bows
 11889 | Lair:3   | Reached skill level 8 in Bows
 11906 | Lair:3   | Reached skill level 9 in Bows
 12111 | Lair:3   | You fall into a shaft and drop 3 floors!
 12111 | Lair:6   | Entered Level 6 of the Lair of Beasts
 12161 | Lair:5   | Found a dark tunnel.
 12405 | Volcano  | Entered a volcano
 12444 | Volcano  | Identified a +1 pair of boots of running (You found it in a
                  | volcano)
 12489 | Volcano  | Reached XP level 12. HP: 65/106 MP: 11/11
 12873 | Lair:5   | Noticed Urug
 12878 | Lair:5   | Cast into level 1 of the Abyss (Urug)
 12914 | Abyss:1  | Noticed a rakshasa
 12934 | Abyss:1  | Killed a rakshasa
 13004 | Abyss:1  | Reached skill level 15 in Axes
 13004 | Abyss:1  | Reached skill level 10 in Bows
 13110 | Abyss:1  | Noticed a starcursed mass
 13177 | Abyss:1  | Noticed a tentacled starspawn
 13185 | Abyss:1  | Killed a tentacled starspawn
 13196 | Abyss:1  | HP: 17/106 [wretched star/lance of force (24)]
 13200 | Abyss:1  | Killed from afar by a wretched star

Levels and vault maps discovered:
D:1:      dpeg_arrival_tiny_c, layout_basic
D:2:      layout_loops_ring, overflow_temple_1_default
D:3:      layout_basic
D:4:      layout_basic, lemuel_doored_altar, first_ration, uniq_pikel
D:5:      layout_rooms, cheibrodos_worm_habitat
D:6:      layout_basic, minmay_temple_entry_tees
D:7:      layout_rooms, marbit_many_paths
D:8:      kennysheep_blocky_hall, layout_rooms, nicolae_tso_carved_into_rock,
          grunt_qazlal_sundering, nicolae_overflow_hidden_temple, uniq_joseph
D:9:      layout_basic, chequers_temple_overflow_statue_of_worship,
          led_sif_book, erik_lair_orcish_takeover
Temple:   nicolae_temple_hex_pool
Lair:1:   layout_loops_ring, lemuel_old_faithful, grunt_megastairs_1
Lair:2:   layout_gridlike, spider_nest_entry_web_field,
          hangedman_lair_generics_rect
Lair:3:   layout_gridlike, basic_altar, gammafunk_ghost_cemetery,
          grunt_megastairs_2, infiniplex_staircase_pool_2
Lair:5:   layout_small_grid, slime_altar_2, nicolae_volcano_entry_hallway,
          serial_bayou_pond_e, st_stairs_9, chequers_serial_rivers_small_3,
          cheibrodos_lair_lostbears, uniq_urug
Lair:6:   grunt_lair_end_beastmaster, layout_loops_ring, special_room
          [special_room_bee], grunt_forest_stairs_basic,
          chequers_serial_rivers_micro_e
Abyss:1:  base:
D:6

Skill      XL: |  1  2  3  4  5  6  7  8  9 10 11 12 |
---------------+-------------------------------------+-----
Axes           | 4 5 6 7 8 9 11 12 14 15 | 15.8
Armour         | 4 6 9 11 12 | 12.0
Fighting       | 5 9 10 | 10.1
Bows           | 3 9 10 | 10.6
Dodging        | |  2.1

Action                   |  1- 3 |  4- 6 |  7- 9 | 10-12 || total
-------------------------+-------+-------+-------+-------++-------
Melee: Hand axe          |    43 |    96 |   373 |    55 ||   567
       Headbutt          |     8 |    14 |    87 |    80 ||   189
       War axe           |       |       |       |   313 ||   313
       Lajatang          |       |       |       |    20 ||    20
Throw: Dart              |       |       |     6 |       ||     6
Invok: Berserk           |     1 |     7 |    13 |     8 ||    29
       Trog's Hand       |       |     1 |     3 |     6 ||    10
       Brothers in Arms  |       |       |       |     2 ||     2
  Use: Potion            |       |       |     2 |       ||     2
       Scroll            |       |       |       |    18 ||    18
 Stab: Distracted        |       |     1 |       |       ||     1
       Sleeping          |       |     1 |       |       ||     1
  Eat: Chunk             |       |    12 |    25 |    21 ||    58
       Ration            |       |       |     2 |     2 ||     4
Armor: Animal skin       |     2 |    15 |       |       ||    17
       Leather armour    |       |       |    11 |       ||    11
       Ring mail         |       |       |    38 |       ||    38
       Plate armour      |       |       |    62 |   188 ||   250
Dodge: Dodged            |    28 |    65 |   167 |   158 ||   418
       Deflected         |       |       |       |    10 ||    10

Table legend:
 A = Non-vault XP
 B = Vault XP
 C = Vault XP percentage of total XP
 D = Non-vault monster count
 E = Vault monster count
 F = Vault count percentage of total count
                 A         B        C        D         E       F
            +---------+---------+-------+---------+---------+-------
      Total |   20924 |    9220 |  30.6 |     255 |      33 |  11.5
            +---------+---------+-------+---------+---------+-------
        D:1 |      31 |       0 |   0.0 |      19 |       0 |   0.0
        D:2 |     116 |       0 |   0.0 |      20 |       0 |   0.0
        D:3 |     361 |     685 |  65.5 |      36 |       1 |   2.7
        D:4 |     683 |       0 |   0.0 |      20 |       0 |   0.0
        D:5 |     535 |       5 |   0.9 |      17 |       1 |   5.6
        D:6 |    1277 |       0 |   0.0 |      32 |       0 |   0.0
        D:7 |    1344 |      43 |   3.1 |      25 |       1 |   3.8
        D:8 |     812 |     734 |  47.5 |      15 |       5 |  25.0
        D:9 |    1373 |     650 |  32.1 |      18 |       9 |  33.3
     Lair:1 |    1030 |       0 |   0.0 |       8 |       0 |   0.0
     Lair:2 |    1601 |    2828 |  63.9 |       8 |       6 |  42.9
     Lair:3 |    4175 |    1679 |  28.7 |      22 |       3 |  12.0
     Lair:5 |     794 |     900 |  53.1 |       3 |       3 |  50.0
     Lair:6 |     107 |       0 |   0.0 |       1 |       0 |   0.0
    Abyss:1 |    6685 |       0 |   0.0 |      11 |       0 |   0.0
    Volcano |       0 |    1696 | 100.0 |       0 |       4 | 100.0
            +---------+---------+-------+---------+---------+-------

Levels and vault maps discovered:
D:1:      dpeg_arrival_tiny_c, layout_basic
D:2:      layout_loops_ring, overflow_temple_1_default
D:3:      layout_basic
D:4:      layout_basic, lemuel_doored_altar, first_ration, uniq_pikel
D:5:      layout_rooms, cheibrodos_worm_habitat
D:6:      layout_basic, minmay_temple_entry_tees
D:7:      layout_rooms, marbit_many_paths
D:8:      kennysheep_blocky_hall, layout_rooms, nicolae_tso_carved_into_rock,
          grunt_qazlal_sundering, nicolae_overflow_hidden_temple, uniq_joseph
D:9:      layout_basic, chequers_temple_overflow_statue_of_worship,
          led_sif_book, erik_lair_orcish_takeover
Temple:   nicolae_temple_hex_pool
Lair:1:   layout_loops_ring, lemuel_old_faithful, grunt_megastairs_1
Lair:2:   layout_gridlike, spider_nest_entry_web_field,
          hangedman_lair_generics_rect
Lair:3:   layout_gridlike, basic_altar, gammafunk_ghost_cemetery,
          grunt_megastairs_2, infiniplex_staircase_pool_2
Lair:5:   layout_small_grid, slime_altar_2, nicolae_volcano_entry_hallway,
          serial_bayou_pond_e, st_stairs_9, chequers_serial_rivers_small_3,
          cheibrodos_lair_lostbears, uniq_urug
Lair:6:   grunt_lair_end_beastmaster, layout_loops_ring, special_room
          [special_room_bee], grunt_forest_stairs_basic,
          chequers_serial_rivers_micro_e
Abyss:1:  base:
D:6

Table legend:
 A = Turns spent in this place as a percentage of turns spent in the entire game.
 B = Non-inter-level travel turns spent in this place as a percentage of non-inter-level travel turns spent in the entire game.
 C = Inter-level travel turns spent in this place as a percentage of turns spent in this place.
 D = Turns resting spent in this place as a percentage of non-inter-level travel turns spent in this place.
 E = Turns spent auto-exploring this place as a percentage of non-inter-level travel turns spent in this place.
 F = Non-inter-level travel turns spent in this place divided by the number of levels of this place that you've seen.
                   A       B       C       D       E      F
               +-------+-------+-------+-------+-------+----------------------
         Total | 100.0 | 100.0 |   4.6 |  27.5 |  46.8 | 740.9
       Dungeon |  72.1 |  72.4 |   4.2 |  31.8 |  44.6 | 1013.0
        Temple |   0.7 |   0.6 |  21.9 |   0.0 | 100.0 |  75.0
          Lair |  22.6 |  22.2 |   6.2 |  20.3 |  60.3 | 559.0
         Abyss |   2.4 |   2.6 |   0.0 |   0.0 |   0.0 | 322.0
       Volcano |   2.2 |   2.3 |   0.0 |   0.0 |  26.6 | 286.0
               +-------+-------+-------+-------+-------+----------------------

Table legend:
 A = Kills in this place as a percentage of kills in entire the game.
 B = Kills by you in this place as a percentage of kills by you in the entire game.
 C = Kills by friends in this place as a percentage of kills by friends in the entire game.
 D = Other kills in this place as a percentage of other kills in the entire game.
 E = Experience gained in this place as a percentage of experience gained in the entire game.
 F = Experience gained in this place divided by the number of levels of this place that you have seen.
                   A       B       C       D       E      F
               +-------+-------+-------+-------+-------+----------------------
         Total | 100.0 | 100.0 |   N/A |   N/A | 100.0 | 1773.2
       Dungeon |  76.0 |  76.0 |   N/A |   N/A |  28.7 | 961.0
          Lair |  18.8 |  18.8 |   N/A |   N/A |  43.5 | 2622.8
         Abyss |   3.8 |   3.8 |   N/A |   N/A |  22.2 | 6685.0
       Volcano |   1.4 |   1.4 |   N/A |   N/A |   5.6 | 1696.0
               +-------+-------+-------+-------+-------+----------------------
